 Dungeon Crawl Stone Soup version 0.25-a0-942-g87a53962fc (webtiles) character file.

Game seed: 18118657384322536100, levelgen mode: deterministic

66 Flugslaktarn the Covered (level 3, 0/33 HPs)
             Began as a Minotaur Fighter on May 8, 2020.
             Slain by a gnoll
             ... wielding a +0 spear
              (8 damage)
             ... on level 2 of the Dungeon.
             The game lasted 00:00:24 (246 turns).

Flugslaktarn the Covered (Minotaur Fighter)          Turns: 246, Time: 00:00:24

Health: 0/33       AC:  7    Str: 20    XL:     3   Next: 96%
Magic:  2/2        EV:  7    Int:  5    God:
Gold:   18         SH:  9    Dex: 10    Spells: 2/2 levels left

rFire    . . .     SeeInvis .   a - +0 war axe
rCold    . . .     Gourm    .   c - +0 kite shield
rNeg     . . .     Faith    .   b - +0 scale mail
rPois    .         Spirit   .   (helmet restricted)
rElec    .         Reflect  .   (no cloak)
rCorr    .         Harm     .   (no gloves)
MR       .....                  (no boots)
Stlth    ..........             (no amulet)
HPRegen  0.11/turn              (no ring)
MPRegen  0.08/turn              (no ring)

@: mighty, flying
A: retaliatory headbutt, horns 2
a: no special abilities


You were on level 2 of the Dungeon.
You were not hungry.

You visited 1 branch of the dungeon, and saw 2 of its levels.

You collected 18 gold pieces.

Inventory:

Hand Weapons
 a - a +0 war axe (weapon)
Armour
 b - a +0 scale mail (worn)
 c - a +0 kite shield (worn)
Scrolls
 f - a scroll of noise {unknown}
 g - a scroll of identify {unknown}
 h - a scroll of magic mapping {unknown}
 k - a scroll of immolation {unknown}
Comestibles
 e - a ration
 i - 11 chunks of flesh


   Skills:
 + Level 4.1 Fighting
 * Level 3.7 Axes
 + Level 4.2 Armour
 + Level 4.1 Shields


You had 2 spell levels left.
You didn't know any spells.
Your spell library was empty.

Dungeon Overview and Level Annotations

Branches:
Dungeon (1/15)

Altars:


Innate Abilities, Weirdness & Mutations

You reflexively headbutt those who attack you in melee.
You have a pair of horns on your head.


Message History

The gnoll hits you but does no damage. The adder barely misses you.
You see here a ball python corpse.
You block the adder's attack.
You see here an adder skeleton.
You block the adder's attack.
You feel very mighty all of a sudden. You block the gnoll's attack.
It was a potion of flight.
You feel very buoyant.
You fly up into the air.
The gnoll hits you but does no damage.
Unknown command.
You slash the gnoll! You headbutt the gnoll.
You kill the gnoll!
The adder bites you.
* * * LOW HITPOINT WARNING * * *
You slash the adder!
The adder is almost dead.
You block the adder's attack.
The gnoll hits you from afar with a +0 spear!
You die...

..#########
###.........#
...........# ##+#
#.........# #...
#.........# ##...
#.........# #....
#.........#
#....#####..÷......##'
+....@Sg....÷.........
#....#####....)..)....
#.... #...#####).....
#.... #..÷# ##.###'
##### #...# #..# .
#...# ####+##. #..w#
#.......
#...####.).(...
#.....†..)†[...


You could see a gnoll and an adder.

Vanquished Creatures
  3 adders (D:2)
  2 gnolls (D:2)
  2 dart slugs (D:1)
  A leopard gecko (D:1)
  A ball python (D:2)
  3 giant cockroaches (D:2)
  3 goblins (D:2)
  2 rats
17 creatures vanquished.

Notes
Turn   | Place    | Note
-------+----------+-------------------------------------------
     0 | D:1      | Flugslaktarn the Minotaur Fighter began the quest for the
                  | Orb.
     0 | D:1      | Reached XP level 1. HP: 19/19 MP: 0/0
    88 | D:1      | Reached XP level 2. HP: 23/27 MP: 1/1
   128 | D:1      | You fall into a shaft and drop 1 floor!
   140 | D:2      | Reached XP level 3. HP: 27/33 MP: 2/2
   246 | D:2      | Slain by a gnoll

Levels and vault maps discovered:
D:1:      nzn_arrival_settlement, layout_basic
D:2:      layout_basic, overflow_temple_1_default, lemuel_blue_sif_altar,
          first_ration, uniq_terence

Skill      XL: |  1  2  3 |
---------------+----------+-----
Axes           | 3 |  3.7
Armour         | 4 |  4.2
Shields        | 4 |  4.1
Fighting       | 4 |  4.1

Action                   || total
-------------------------++-------
Melee: War axe           ||    29
       Headbutt          ||     4
  Use: Potion            ||     2
Armor: Scale mail        ||    18
Dodge: Dodged            ||    14
Block: Kite shield       ||    20

Table legend:
 A = Non-vault XP
 B = Vault XP
 C = Vault XP percentage of total XP
 D = Non-vault monster count
 E = Vault monster count
 F = Vault count percentage of total count
                 A         B        C        D         E       F
            +---------+---------+-------+---------+---------+-------
      Total |      95 |       0 |   0.0 |      17 |       0 |   0.0
            +---------+---------+-------+---------+---------+-------
        D:1 |      12 |       0 |   0.0 |       4 |       0 |   0.0
        D:2 |      83 |       0 |   0.0 |      13 |       0 |   0.0
            +---------+---------+-------+---------+---------+-------
